 Dungeon Crawl Stone Soup version 0.30-a0-141-g30f27751c5 (webtiles) character file.

Game seed: 4973249270400241995

29 Decritt the Covered (level 3, -3/23 HPs)
             Began as a Gargoyle Fighter on Sept 25, 2022.
             Killed from afar by Natasha (5 damage)
             ... with a magic dart
             ... on level 2 of the Dungeon.
             The game lasted 00:02:20 (1071 turns).

Decritt the Covered (Gargoyle Fighter)              Turns: 1071, Time: 00:02:21

Health: -3/23      AC: 12    Str: 21    XL:     3   Next: 16%
Magic:  3/3        EV:  7    Int:  8    God:
Gold:   56         SH:  4    Dex:  9    Spells: 2/2 levels left

rFire   . . .      SeeInvis .    a - +0 flail
rCold   + . .      Faith    .    c - +0 buckler
rNeg    + . .      Spirit   .    i - +0 chain mail
rPois   ∞          Reflect  .    (no helmet)
rElec   +          Harm     .    (no cloak)
rCorr   .          Rampage  .    (no gloves)
Will    .....                    (no boots)
Stlth   ..........               (no amulet)
HPRegen 0.07/turn                h - ring of protection from cold
MPRegen 0.08/turn                (no ring)

@: no status effects
A: sickness immunity, AC +3, negative energy resistance 1, electricity
resistance, torment resistance 1, petrification resistance
a: no special abilities


You were on level 2 of the Dungeon.
You visited 1 branch of the dungeon, and saw 2 of its levels.

You collected 56 gold pieces.

Inventory:

Hand Weapons
 a - a +0 flail (weapon)
 k - a +0 vorpal falchion
Armour
 b - a +0 scale mail
 c - a +0 buckler (worn)
 i - a +0 chain mail (worn)
Jewellery
 h - a ring of protection from cold (left hand)
Scrolls
 e - a scroll of torment {unknown}
Potions
 d - a potion of might
 f - a potion of attraction {unknown}
 j - a potion of heal wounds {unknown}


   Skills:
 + Level 3.6 Fighting
 + Level 2.4 Maces & Flails
 + Level 3.7 Armour
 + Level 3.7 Shields


You had 2 spell levels left.
You didn't know any spells.
Your spell library contained the following spells:

 Spells                   Type           Power      Damage    Failure   Level
 Summon Small Mammal      Summ           0%         N/A       99%         1
 Call Canine Familiar     Summ           0%         N/A       100%        3
 Summon Guardian Golem    Hex/Summ       0%         N/A       100%        3


Dungeon Overview and Level Annotations

Branches:
Dungeon (2/15)

Altars:

Annotations:
D:2 Natasha


Innate Abilities, Weirdness & Mutations

You are immune to sickness and miasma.
Your stone body is resilient. (AC +3)
You are immune to poison.
You resist negative energy. (rN+)
You are resistant to electric shocks. (rElec)
You are resistant to unholy torment.
You are immune to petrification.


Message History

Natasha barely misses you.
You barely miss Natasha.
Natasha is heavily wounded.
Natasha claws you!
Ouch! That really hurt!
* * * LOW HITPOINT WARNING * * *
Natasha claws you but does no damage.
You hit Natasha but do no damage.
Natasha is heavily wounded.
You block Natasha's attack.
You hit Natasha.
Natasha is severely wounded.
Natasha stares at you and mumbles some strange words.
The magic dart hits you but does no damage.
You closely miss Natasha.
Natasha is severely wounded.
Natasha stares at you and mumbles some strange words.
The magic dart hits you!
* * * LOW HITPOINT WARNING * * *
Natasha casts a spell.
You closely miss Natasha.
Natasha is severely wounded.
Natasha claws you but does no damage.
You hit Natasha but do no damage.
Natasha is severely wounded.
You block Natasha's attack.
You barely miss Natasha.
Natasha is severely wounded.
Natasha stares at you and mumbles some strange words.
The magic dart hits you but does no damage.
The white imp lashes its tail.
Natasha mumbles some strange words.
Natasha shimmers violently.
Natasha claws you but does no damage.
You hit Natasha.
Natasha is almost dead.
A giant cockroach comes into view.
Natasha casts a spell at you. The magic dart hits you.
You die...

...... # #. ..# #.# ..
#. #. #.###.##.#
###.##. #<.......#
.......##..##....
.......†#..###..#
......).....##[# .
.........##..#.###B...
........†.....@h5..#
.........###..######
.........# #(.#
........##......
.......###.......
####### #........#
##########


You could see Natasha (strong), a white imp (summoned) and a giant cockroach
(wandering).

Vanquished Creatures
  A dart slug (D:1)
  5 ball pythons (D:1)
  An endoplasm (D:1)
  3 goblins
  3 hobgoblins (D:1)
  2 quokkas (D:1)
  2 bats (D:2)
  5 kobolds (D:1)
  A rat (D:1)
23 creatures vanquished.

Notes
Turn   | Place    | Note
-------+----------+-------------------------------------------
     0 | D:1      | Decritt the Gargoyle Fighter began the quest for the Orb.
     0 | D:1      | Reached XP level 1. HP: 14/14 MP: 1/1
    91 | D:1      | Reached XP level 2. HP: 17/19 MP: 2/2
   811 | D:1      | Reached XP level 3. HP: 23/23 MP: 3/3
  1058 | D:2      | Noticed Natasha
  1071 | D:2      | Killed from afar by Natasha

Illustrated notes

Levels and vault maps discovered:
D:1:      dpeg_arrival_rooms_a, layout_rooms
D:2:      layout_rooms, uniq_natasha

Action                   || total
-------------------------++-------
Melee: Flail             ||    88
Throw: Dart              ||     9
Armor: Scale mail        ||    20
       Chain mail        ||    40
Dodge: Dodged            ||    32
Block: Buckler           ||    23

Table legend: (Time is in decaauts)
 A = Elapsed time spent in this place.
 B = Non-inter-level travel time spent in this place.
 C = Inter-level travel time spent in this place.
 D = Time resting spent in this place.
 E = Time spent auto-exploring this place.
 F = Levels seen in this place.
 G = Mean time per level.
                   A        B        C        D        E       F      G
               +--------+--------+--------+--------+--------+-----+--------+
         Total |   1098 |   1064 |     34 |      0 |    797 |   2 |  549.0 |
       Dungeon |   1098 |   1064 |     34 |      0 |    797 |   2 |  549.0 |
               +--------+--------+--------+--------+--------+-----+--------+

Top non-repeatable levels by time:
     D:1: 1050 daAuts
     D:2: 47 daAuts
